 Seeded DCSS version 0.29.1-12-g30fa7ad0bf (webtiles) character file.

Game seed: 18334199546629406935 (custom seed)

14856 Gelion the Destroyer (level 11, -7/133 HPs)
             Began as a Demonspawn Conjurer on Dec 12, 2022.
             Was an Initiate of Gozag.
             Mangled by a six-headed hydra (8 damage)
             ... on level 10 of the Dungeon.
             The game lasted 01:01:30 (15478 turns).

Gelion the Destroyer (Demonspawn Conjurer)         Turns: 15478, Time: 01:01:34

Health: -7/133     AC: 28    Str: 13    XL:     11   Next: 94%
Magic:  0/23       EV:  2    Int: 23    God:    Gozag
Gold:   1678       SH:  0    Dex: 13    Spells: 9/26 levels left

rFire   + . .      SeeInvis .   F - +9 lance "Wyrmbane" {slay drac, rPois rF+ rC+ AC+3}
rCold   + . .      Faith    .   (no shield)
rNeg    . . .      Spirit   +   (body armour currently unavailable)
rPois   +          Reflect  .   (helmet currently unavailable)
rElec   .          Harm     .   (cloak currently unavailable)
rCorr   .          Rampage  .   (gloves currently unavailable)
Will    .....      NoTele   +   (boots currently unavailable)
Stlth   ++........              s - amulet of regeneration
HPRegen 2.12/turn               f - +6 ring of strength
MPRegen 0.36/turn               p - ring of flight

@: mighty, tree-form, weak-willed, gold aura
A: stationary, stasis, torment immunity, boosted hp, (antennae 2), rugged brown
scales 1, powered by death 2, magic shield, magic regeneration
a: Renounce Religion, Potion Petition, Call Merchant, Bribe Branch


You were on level 10 of the Dungeon.
You worshipped Gozag.
Gozag was most pleased with you.
You were a tree.
You visited 2 branches of the dungeon, and saw 12 of its levels.
You also visited: Sewer and Bailey.

You collected 1841 gold pieces.
You paid 163 gold pieces to Gozag.

Inventory:

Hand Weapons
 F - the +9 lance "Wyrmbane" (weapon) {slay drac, rPois rF+ rC+ AC+3}
   (You took it off Maggie on level 10 of the Dungeon)

   It inflicts extra damage against dragons and draconians.
   AC:        It affects your AC (+3).
   rF:        It protects you from fire.
   rC:        It protects you from cold.
   rPois:     It protects you from poison.
Missiles
 m - 4 javelins
Armour
 a - a +0 pair of boots (melded)
 c - a +0 tower shield
 l - a +0 pair of gloves (melded)
 n - a +1 cloak (melded)
 v - a +2 robe of the Archmagi (melded)
Magical Staves
 y - a staff of earth
Jewellery
 f - a +6 ring of strength (left branch)
 p - a ring of flight (right branch)
 s - an amulet of regeneration (around neck)
 w - a ring of protection from cold
Wands
 D - a wand of light (6)
 E - a wand of charming (14)
Scrolls
 b - a scroll of silence
 d - 5 scrolls of fog
 e - 3 scrolls of magic mapping
 i - a scroll of enchant weapon
 k - 2 scrolls of poison
Potions
 g - 4 potions of haste
 h - 2 potions of might
 j - 3 potions of attraction
 o - a potion of flight
 q - a potion of lignification
 r - 3 potions of mutation
 t - 5 potions of invisibility {unknown}
 u - a potion of berserk rage
 z - 2 potions of resistance {unknown}
 A - a potion of ambrosia {unknown}
 B - 2 potions of cancellation


   Skills:
 + Level 8.7 Fighting
 + Level 3.0 Polearms
 - Level 1.7 Dodging
 - Level 1.7 Stealth
 + Level 8.2 Spellcasting
 * Level 13.0 Conjurations
 + Level 7.3 Translocations


You had 9 spell levels left.
You knew the following spells:

 Your Spells              Type           Power      Damage    Failure   Level
a - Magic Dart            Conj           100%       1d8       1%          1
b - Searing Ray           Conj           100%       2d8       1%          2
c - Iskenderun's Mystic   Conj/Tloc      54%        2d12      1%          4
d - Statue Form           Tmut/Erth      6%         N/A       100%        6
e - Fulminant Prism       Conj/Hex       19%        3d11      4%          4

Your spell library contained the following spells:

 Spells                   Type           Power      Damage    Failure   Level
 Blink                    Tloc           86%        N/A       1%          2
 Dazzling Flash           Conj/Hex       78%        N/A       1%          3
 Gell's Gravitas          Tloc           43%        N/A       1%          3
 Lesser Beckoning         Tloc           43%        N/A       1%          3
 Teleport Other           Tloc           43%        N/A       1%          3
 Mephitic Cloud           Conj/Pois/Air  29%        N/A       3%          3
 Slow                     Hex            36%        N/A       7%          1
 Manifold Assault         Tloc           43%        N/A       9%          5
 Passwall                 Tmut/Erth      7%         N/A       11%         2
 Poisonous Vapours        Pois/Air       18%        N/A       11%         2
 Confusing Touch          Hex            9%         N/A       21%         3
 Ignite Poison            Fire/Tmut/Pois 9%         N/A       21%         3
 Vampiric Draining        Necr           9%         2d6       21%         3
 Freezing Cloud           Conj/Ice/Air   14%        6-21      32%         5
 Summon Forest            Summ/Tloc      13%        N/A       38%         5
 Dispersal                Tloc           21%        N/A       45%         6
 Petrify                  Tmut/Erth      9%         N/A       56%         4
 Iron Shot                Conj/Erth      19%        9d4       56%         6
 Metabolic Englaciation   Hex/Ice        4%         N/A       88%         5
 Summon Mana Viper        Hex/Summ       9%         N/A       88%         5
 Summon Cactus Giant      Summ           4%         N/A       100%        6


Dungeon Overview and Level Annotations

Branches:
Dungeon (11/15)            Temple (1/1) D:7             Orc (0/2) D:9
  Sewer (visited)          Bailey (visited)
   Lair: D:8-11

Altars:
Ashenzari
Cheibriados
Dithmenos
Fedhas
Gozag
Hepliaklqana
Kikubaaqudgha
Makhleb
Nemelex Xobeh
Okawaru
Qazlal
Ru
Sif Muna
Trog
Uskayaw
Vehumet
Wu Jian
Xom
Yredelemnul

Annotations:
D:4 1 runed translucent door, Radix's ghost, amateur PaWr
D:9 exclusion: orange crystal statue


Innate Abilities, Weirdness & Mutations

You are a tree.
Your roots penetrate the ground, keeping you stationary.
You cannot be teleported.
You are immune to unholy pain and torment.
Your maximum health is greatly increased.
Your equipment is partially melded.
((You have a pair of antennae on your head.))
(You are partially covered in rugged brown scales. (AC +1, +3% HP))
You regenerate health from kills.
When hurt, damage is shared between your health and your magic reserves.
You regenerate magic rapidly.


Message History

The six-headed hydra bites you!
* * * LOW HITPOINT WARNING * * *
The six-headed hydra bites you but does no damage. x2
The six-headed hydra bites you.
* * * LOW HITPOINT WARNING * * *
You puncture the six-headed hydra!
The six-headed hydra is almost dead.
The six-headed hydra bites you but does no damage.
The six-headed hydra bites you.
* * * LOW HITPOINT WARNING * * *
The six-headed hydra bites you.
* * * LOW HITPOINT WARNING * * *
The six-headed hydra bites you!
* * * LOW HITPOINT WARNING * * *
The six-headed hydra bites you.
* * * LOW HITPOINT WARNING * * *
The six-headed hydra bites you.
* * * LOW HITPOINT WARNING * * *
You hit the six-headed hydra.
The six-headed hydra is almost dead.
The six-headed hydra bites you but does no damage. x3
The six-headed hydra bites you!
* * * LOW HITPOINT WARNING * * *
The six-headed hydra bites you but does no damage.
The six-headed hydra bites you.
* * * LOW HITPOINT WARNING * * *
Okay, then.
As you read the scroll labelled CAEZXIA CYCOM, it crumbles to dust.
Magic quickly surges around you.
It was a scroll of vulnerability.
The six-headed hydra bites you but does no damage.
The six-headed hydra bites you.
* * * LOW HITPOINT WARNING * * *
The six-headed hydra bites you but does no damage. x4
You feel very mighty all of a sudden. The six-headed hydra bites you.
* * * LOW HITPOINT WARNING * * *
The six-headed hydra bites you but does no damage.
The six-headed hydra bites you!
You die...
Your body crumbles into a pile of gold.

############# #...........#
#.#########.# #........##.#
################.######.##.####
#................#
####.##....###
#.##############.#
#........#.... #.# #.....# #♣#
#.#........... #.# #.###.###D#
#.#..##.#.###. ..# ##.#....##.#
#.#..##.#.# #. .## #...#...>..#
#.#..##.#.# #. .#
#.##....#(.###.#..##.#.###. .#
####.#.#..##............#.#...
.#
#.....###............####.#.#.
.#
#.##.#.#..##>#######..........
.# #.##.##[#....# #######~.~~.


You could see a six-headed hydra (weak-willed).

Vanquished Creatures
  Erolcha (D:10)
  A boulder beetle (D:8)
  2 hydras (D:9)
  A two-headed ogre (D:9)
  An ugly thing (D:8)
  2 manticores
  Maggie (D:10)
  An unseen horror (shapeshifter) (D:10)
  4 trolls
  2 hornets (D:9)
  A shadow (D:10)
  Sigmund (D:6)
  13 yaks
  2 wyverns
  2 steam dragons
  4 water moccasins
  6 orc warriors
  An ice beast (D:6)
  A sky beast (D:7)
  2 ogres
  A black bear (D:6)
  3 centaurs
  4 phantoms
  3 kobold brigands
  A necrophage (D:8)
  5 bullfrogs
  2 gnoll sergeants
  A scorpion (D:7)
  4 wights (D:8)
  2 troll zombies (D:9)
  9 killer bees
  4 electric eels (D:10)
  A jelly (D:4)
  2 hounds (D:5)
  5 orc priests
  An iguana (D:6)
  13 orc wizards
  4 ogre zombies (D:9)
  A river rat (Sewer)
  9 adders
  19 gnolls
  2 shadow imps (D:6)
  A white imp (D:6)
  4 ufetubi
  2 worms
  2 dart slugs
  43 orcs
  9 endoplasms
  2 giant cockroaches
  7 goblins
  5 hobgoblins
  3 quokkas
  20 ball pythons
  4 bats
  2 frilled lizards (Sewer)
  A goblin skeleton (D:9)
  4 goblin zombies (D:9)
  2 hobgoblin skeletons (D:9)
  A hobgoblin zombie (D:9)
  23 kobolds
  2 orc skeletons (D:9)
  9 orc zombies (D:9)
  28 rats
  A fulminant prism (Bailey)
320 creatures vanquished.

Vanquished Creatures (collateral kills)
  An orc warlord (Bailey)
  A hydra (D:9)
2 creatures vanquished.

Vanquished Creatures (others)
  An orc wizard (D:9)
  2 demonic plants (D:6)
  30 fulminant prisms
  8 fungi (D:10)
  3 plants (D:10)
44 creatures vanquished.

Grand Total: 366 creatures vanquished

Notes
Turn   | Place    | Note
-------+----------+-------------------------------------------
     0 | D:1      | Gelion the Demonspawn Conjurer began the quest for the Orb.
     0 | D:1      | Reached XP level 1. HP: 13/13 MP: 3/3
   416 | D:1      | Gained mutation: You are partially covered in rugged brown
                  | scales. (AC +1, +3% HP) [demonic ancestry]
   416 | D:1      | Reached XP level 2. HP: 10/20 MP: 0/5
  1045 | D:1      | Learned a level 2 spell: Searing Ray
  1182 | D:2      | Reached skill level 1 in Fighting
  1182 | D:2      | Reached XP level 3. HP: 26/26 MP: 0/6
  1643 | D:2      | Gained mutation: You have a pair of small antennae on your
                  | head. [demonic ancestry]
  1643 | D:2      | Reached XP level 4. HP: 31/32 MP: 1/7
  2111 | D:3      | Found a glowing drain.
  2133 | D:3      | Reached skill level 5 in Conjurations
  2161 | D:3      | Found a faded altar of an unknown god.
  2219 | Sewer    | Entered a sewer
  2760 | Sewer    | Reached XP level 5. HP: 39/39 MP: 5/9
  2860 | Sewer    | Gained mutation: You regenerate magic rapidly. [demonic
                  | ancestry]
  2860 | Sewer    | Reached XP level 6. HP: 19/47 MP: 5/10
  3902 | D:4      | Reached skill level 6 in Conjurations
  4090 | D:4      | Found a runed translucent door.
  4094 | D:4      | Noticed Radix's ghost (amateur PaWr)
  4144 | D:4      | Found an ancient bone altar of Kikubaaqudgha.
  4340 | D:4      | Learned a level 4 spell: Iskenderun's Mystic Blast
  4887 | D:5      | Entered Level 5 of the Dungeon
  4955 | D:5      | Reached skill level 1 in Translocations
  4955 | D:5      | Gained mutation: You regenerate a little health from kills.
                  | [demonic ancestry]
  4955 | D:5      | Reached XP level 7. HP: 53/53 MP: 2/12
  5450 | D:5      | Noticed a troll
  5473 | D:5      | Killed a troll
  5474 | D:5      | Reached skill level 7 in Conjurations
  6172 | D:6      | Learned a level 6 spell: Statue Form
  6190 | D:6      | Noticed a wyvern
  6198 | D:6      | Killed a wyvern
  6199 | D:6      | Reached XP level 8. HP: 49/61 MP: 6/14
  6572 | D:6      | Reached skill level 8 in Conjurations
  6649 | D:6      | Noticed Sigmund
  6699 | D:6      | Killed Sigmund
  6700 | D:6      | Reached skill level 5 in Fighting
  6700 | D:6      | Reached skill level 5 in Spellcasting
  7002 | D:7      | Found a flagged portal.
  7025 | Bailey   | Entered a bailey
  7048 | Bailey   | Gained mutation: You regenerate health from kills. [demonic
                  | ancestry]
  7048 | Bailey   | Reached XP level 9. HP: 70/70 MP: 2/16
  7166 | Bailey   | Noticed an orc warlord
  7348 | Bailey   | Reached skill level 9 in Conjurations
  7433 | Bailey   | Found a runed translucent gate.
  7436 | Bailey   | Found a runed translucent gate.
  7437 | Bailey   | Found a runed translucent gate.
  8241 | Bailey   | Learned a level 4 spell: Fulminant Prism
  8382 | Bailey   | Killed an orc warlord
  8478 | Bailey   | Acquired a There-And-Back Book
  8606 | D:7      | Reached skill level 10 in Conjurations
  8727 | D:7      | Found a staircase to the Ecumenical Temple.
  8942 | D:7      | Found a stormy altar of Qazlal.
  9286 | D:7      | Reached skill level 5 in Translocations
  9439 | Temple   | Entered the Ecumenical Temple
  9548 | Temple   | Became a worshipper of Gozag Ym Sagoz the Greedy
  9852 | D:7      | Gained mutation: You have a pair of antennae on your head.
                  | [demonic ancestry]
  9852 | D:7      | Reached XP level 10. HP: 63/79 MP: 14/19
 11168 | D:9      | Found a staircase to the Orcish Mines.
 11175 | D:9      | HP: 3/79 [poisoned by a hornet]
 11452 | D:9      | Paralysed by a hornet for 2 turns
 11457 | D:9      | Paralysed by a hornet for 2 turns
 11514 | D:9      | Reached skill level 11 in Conjurations
 11731 | D:9      | Identified the ring "Emomn" {rPois rF+ Str-2 Dex+3}
 11985 | D:9      | Noticed an orange crystal statue
 12005 | D:9      | Noticed a manticore
 12005 | D:9      | Noticed a five-headed hydra
 12006 | D:9      | Noticed an eight-headed hydra
 12007 | D:9      | Noticed a white ugly thing
 12007 | D:9      | Noticed a two-headed ogre
 12008 | D:9      | Noticed a five-headed hydra
 12008 | D:9      | Noticed a boulder beetle
 12110 | D:10     | Entered Level 10 of the Dungeon
 12457 | D:10     | Noticed Erolcha
 12527 | D:10     | Killed Erolcha
 12528 | D:10     | Gained mutation: When hurt, damage is shared between your
                  | health and your magic reserves. [demonic ancestry]
 12528 | D:10     | Reached XP level 11. HP: 48/87 MP: 0/22
 13464 | D:10     | Noticed Maggie
 13475 | D:10     | Killed Maggie
 13476 | D:10     | Reached skill level 12 in Conjurations
 13859 | D:10     | Acquired an amulet of regeneration
 14135 | D:9      | Killed a five-headed hydra
 14136 | D:9      | Reached skill level 1 in Polearms
 14324 | D:9      | Killed an eight-headed hydra
 14340 | D:9      | Killed a five-headed hydra
 14360 | D:9      | Killed a two-headed ogre
 14691 | D:8      | Killed a white ugly thing
 14695 | D:8      | Killed a boulder beetle
 14910 | D:9      | Got Doxann's Folio of Earth and the Snake
 14912 | D:9      | Identified the +7 shortbow "Naitilog" {freeze, rPois Str+2
                  | Stlth-}
 15199 | D:9      | Noticed a two-headed ogre
 15368 | D:11     | Reached skill level 13 in Conjurations
 15380 | D:11     | Noticed a six-headed hydra
 15476 | D:10     | HP: 6/133 [six-headed hydra (3)]
 15477 | D:10     | HP: 2/133 [six-headed hydra (6)]
 15478 | D:10     | Mangled by a six-headed hydra

Illustrated notes

Levels and vault maps discovered:
D:1:      shiori_shiawase, layout_loops_ring, st_stairs_7
D:2:      layout_basic, minmay_large_rounded_square
D:3:      layout_basic, portal_sewer_entry_a, hellmonk_ecumenical_altar_blasted
D:4:      layout_loops_corners, kiku_gazebo_garden_becter, ebering_ghost_sewer_d
D:5:      layout_basic
D:6:      layout_cave_pools, serial_demonic, serial_demonic_b, serial_demonic_c,
          serial_demonic_d, serial_demonic_g, uniq_sigmund
D:7:      layout_basic, lemuel_coloured_pillars_altar,
          minmay_temple_entry_mini_moons, enter_bailey_2
D:8:      layout_loops_ring
D:9:      minmay_the_grid_triangle_9x9_recursive_2_mashed
          [minmay_the_grid_triangle_9x9_prize_top_heavy,
          minmay_the_grid_triangle_9x9_limited_checkers,
          minmay_the_grid_triangle_9x9_corruption,
          minmay_the_grid_triangle_9x9_dagger], layout_cave_pools,
          zombieorc1_lemuel, minmay_protected_statue
D:10:     kennysheep_steamy, layout_loops_ring, chequers_big_river,
          uniq_erolcha, uniq_maggie
D:11:     layout_basic, erik_lair_dragon, lemuel_nasty_fountain
Temple:   nicolae_temple_slightly_damp_pantheon

Skill      XL: |  1  2  3  4  5  6  7  8  9 10 11 |
---------------+----------------------------------+-----
Fighting       | 1 2 3 4 5 6 7 8 |  8.7
Conjurations   | 5 6 7 8 10 11 13 | 13.0
Spellcasting   | 3 4 5 6 7 8 |  8.2
Translocations | 1 2 3 5 6 7 |  7.3
Polearms       | 3 |  3.0
Dodging        | |  1.7
Stealth        | |  1.7

Action                   |  1- 3 |  4- 6 |  7- 9 | 10-12 || total
-------------------------+-------+-------+-------+-------++-------
Melee: Whip              |     4 |    12 |    36 |     6 ||    58
       Lance             |       |       |       |    43 ||    43
 Cast: Magic Dart        |    53 |   126 |   226 |   172 ||   577
       Searing Ray       |     4 |     7 |    61 |   104 ||   176
       Fulminant Prism   |       |       |    12 |    19 ||    31
       Iskenderun's Myst |       |       |     7 |    15 ||    22
  Use: Scroll            |       |    15 |     7 |    10 ||    32
       Potion            |       |     8 |     3 |     7 ||    18
Armor: Robe              |       |    34 |    43 |    94 ||   171
       Skin              |       |       |       |    34 ||    34
Dodge: Dodged            |     9 |    85 |   100 |   187 ||   381
